 Dungeon Crawl Stone Soup version 0.20.1-1-g8b1a95d (console) character file.

136430 umrok the Protected (level 17, 0/148 HPs)
             Began as a Hill Orc Enchanter on Sept 2, 2017.
             Was the Champion of Dithmenos.
             Killed from afar by a deep elf elementalist (3 damage)
             ... with a freezing blast
             ... on level 3 of the Elven Halls.
             The game lasted 02:14:24 (21784 turns).

umrok the Protected (Hill Orc Enchanter)           Turns: 21784, Time: 02:14:24

Health: 0/148      AC: 15    Str: 11    XL:     17   Next: 21%
Magic:  11/22      EV: 16    Int: 24    God:    Dithmenos [******]
Gold:   689        SH:  0    Dex: 17    Spells: 8/19 levels left

rFire    + . .     SeeInvis +   a - +2 rapier (venom)
rCold    . . .     Gourm    .   (no shield)
rNeg     + + +     Faith    .   q - +0 troll leather armour {Purgy}
rPois    ∞         Spirit   .   (no helmet)
rElec    .         Reflect  .   F - +1 cloak {MR+}
rCorr    .         Harm     .   Q - +2 pair of gloves {Dex+3}
MR       +++++     Rnd*Tele +   D - +2 pair of boots
Stlth    ++++++++++             G - amulet of rage
Regen    0.8/turn               w - ring of protection from fire
MPRegen  0.2/turn               k - ring of see invisible

@: brilliant, shadow-form, very slightly contaminated, wreathed by umbra,
heavily drained, invisible
A: talons 1, agile 1, low mp 1, magic resistance 1, teleportitis 1, weak 1,
evolution 2
a: End Transformation, Shadow Step, Shadow Form, Renounce Religion, Evoke
Berserk Rage


You were on level 3 of the Elven Halls.
You worshipped Dithmenos.
Dithmenos was exalted by your worship.
You were not hungry.
You were a swirling mass of dark shadows.
You visited 6 branches of the dungeon, and saw 29 of its levels.
You visited 1 bazaar.

You collected 3261 gold pieces.
You spent 2572 gold pieces at shops.

Inventory:

Hand Weapons
 a - a +2 rapier of venom (weapon)
 c - a +0 blowgun
 V - the +8 whip "Snakebite" {curare, rPois}
   (You found it on level 1 of the Lair of Beasts)

   It poisons the flesh of those it strikes.
   It protects you from poison.
 W - the +3 Elemental Staff {rElec rF++ rC++ MR++ AC+5}
   (You found it on level 3 of the Elven Halls)

   It affects your AC (+5).
   It greatly protects you from fire.
   It greatly protects you from cold.
   It insulates you from electricity.
   It affects your resistance to hostile enchantments.
Missiles
 P - 8 javelins of penetration (quivered)
Armour
 q - a +0 troll leather armour (worn) {Purgy}
 D - a +2 pair of boots (worn)
 F - a +1 cloak of magic resistance (worn)
 Q - a +2 pair of gloves of dexterity (worn)
Jewellery
 b - an uncursed ring of resist corrosion
 g - an uncursed ring of wizardry
 k - a ring of see invisible (right hand)
 m - a +3 ring of protection
 v - an uncursed ring of flight
 w - a ring of protection from fire (left hand)
 G - an amulet of rage (around neck)
 K - an uncursed ring of ice
 X - a +3 ring of evasion
Wands
 x - a wand of iceblast (7/15)
 C - a wand of confusion (11/48)
 I - a wand of digging (14/24)
 R - a wand of digging (18/24)
Scrolls
 h - 5 scrolls of enchant weapon
 i - a scroll of identify
 j - 2 scrolls of brand weapon
 n - 3 scrolls of magic mapping
 t - 2 scrolls of fog
 y - 6 scrolls of recharging
 B - 3 scrolls of amnesia
 O - 12 scrolls of remove curse
 Z - 5 scrolls of enchant armour
Potions
 o - 4 potions of flight
 z - 4 potions of brilliance
 J - 3 potions of magic
 L - 2 potions of cancellation
 U - 4 potions of curing
Books
 f - a book of the Dragon

   Spells                             Type                      Level
   a - Flame Tongue                   Conjuration/Fire             1
   b - Cause Fear                     Hexes                        4
   c - Bolt of Fire                   Conjuration/Fire             6
   d - Dragon Form                    Transmutation                7
   e - Dragon's Call                  Summoning                    9
 r - a book of Summonings

   Spells                             Type                      Level
   a - Recall                         Summoning/Translocation      3
   b - Aura of Abjuration             Summoning                    5
   c - Summon Demon                   Summoning                    5
   d - Summon Forest                  Summoning/Translocation      5
   e - Summon Mana Viper              Hexes/Summoning              5
   f - Shadow Creatures               Summoning                    6
 u - a book of Necromancy

   Spells                             Type                      Level
   a - Pain                           Necromancy                   1
   b - Animate Skeleton               Necromancy                   1
   c - Vampiric Draining              Necromancy                   3
   d - Regeneration                   Charms/Necromancy            3
   e - Animate Dead                   Necromancy                   4
   f - Control Undead                 Necromancy                   4
 E - the Tome of Transmutation
   (You found it on level 3 of the Elven Halls)

   Spells                             Type                      Level
   a - Spider Form                    Transmutation/Poison         3
   b - Petrify                        Transmutation/Earth          4
   c - Statue Form                    Transmutation/Earth          6
   d - Dragon Form                    Transmutation                7
 H - a book of Geomancy

   Spells                             Type                      Level
   a - Sandblast                      Earth                        1
   b - Passwall                       Transmutation/Earth          2
   c - Stone Arrow                    Conjuration/Earth            3
   d - Petrify                        Transmutation/Earth          4
   e - Lee's Rapid Deconstruction     Earth                        5
 N - a book of the Earth

   Spells                             Type                      Level
   a - Leda's Liquefaction            Hexes/Earth                  4
   b - Bolt of Magma                  Conjuration/Fire/Earth       5
   c - Statue Form                    Transmutation/Earth          6
   d - Iron Shot                      Conjuration/Earth            6
   e - Shatter                        Earth                        9
 S - the Grimoire of Changing
   (You found it on level 3 of the Elven Halls)

   Spells                             Type                      Level
   a - Spider Form                    Transmutation/Poison         3
   b - Petrify                        Transmutation/Earth          4
   c - Irradiate                      Conjuration/Transmutation    5
   d - Yara's Violent Unravelling     Hexes/Transmutation          5
 T - Oxtuxt's Volume of Transmigration and Aid
   (You found it on level 3 of the Elven Halls)

   Spells                             Type                      Level
   a - Swiftness                      Charms/Air                   2
   b - Sticks to Snakes               Transmutation                2
   c - Passwall                       Transmutation/Earth          2
   d - Petrify                        Transmutation/Earth          4
   e - Irradiate                      Conjuration/Transmutation    5
   f - Blade Hands                    Transmutation                5
Miscellaneous
 p - a lightning rod (4/4)
Comestibles
 d - 5 bread rations
 l - 7 meat rations
 A - 20 fruits


   Skills:
 + Level 12.9(9.4) Fighting
 - Level 12.0(8.5) Short Blades
 + Level 13.7(10.1) Armour
 + Level 9.9(6.6) Dodging
 - Level 12.0(8.6) Stealth
 - Level 1.5(0.0) Spellcasting
 - Level 10.0(6.8) Hexes
 - Level 10.0(6.7) Invocations
 - Level 10.0(6.7) Evocations


You had 8 spell levels left.
You knew the following spells:

 Your Spells              Type           Power        Failure   Level  Hunger
a - Corona                Hex            ##.....      1%          1    ##.....
b - Ensorcelled Hibernat  Hex/Ice        #.....       1%          2    ###....
c - Confuse               Hex            ##......     1%          3    ####...
d - Tukima's Dance        Hex            ##......     1%          3    ####...
e - Passwall              Tmut/Erth      #.........   3%          2    ###....


Dungeon Overview and Level Annotations

Branches:
Dungeon (15/15)            Temple (1/1) D:7            Lair (6/6) D:11
  Swamp (2/4) Lair:2       Spider (0/4) Lair:2        Slime (0/5) Lair:6
    Orc (2/2) D:11            Elf (3/3) Orc:2        Vaults (0/5) D:14
 Depths (0/5) D:15

Altars:
Ashenzari
Cheibriados
Dithmenos
Elyvilon
Fedhas
Gozag
Kikubaaqudgha
Makhleb
Nemelex Xobeh
Okawaru
Qazlal
Ru
Sif Muna
Trog
Uskayaw
Vehumet
Yredelemnul
Zin
The Shining One

Shops:
D:4 (   D:9 [   Orc:2 }!!*   Elf:3 ?

Portals:
Trove: D:10 (give 7 scrolls of blinking)

Annotations:
D:11 Gastronok
D:14 gwathlobal's ghost, journeyman DsBe


Innate Abilities, Weirdness & Mutations

You have sharp toenails.
You are agile. (Dex +2)
Your magical capacity is low. (-10% MP)
You are resistant to hostile enchantments. (MR+)
You are occasionally teleported next to monsters.
You are weak. (Str -2)
You rapidly evolve.


Message History

* * * LOW HITPOINT WARNING * * *
You emit a cloud of dark smoke.
You feel drained.
The deep elf high priest invokes the aid of its god against you.
Something smites you!
* * * LOW HITPOINT WARNING * * *
You emit a cloud of dark smoke.
You feel drained.
The deep elf sorcerer casts a spell.
The deep elf sorcerer seems to speed up.
Why would you want to do that? Why would you want to do that?
Okay, then.
Evoke which item? (* to show all) (? for menu, Esc to quit)
Okay, then.
The deep elf high priest mumbles some strange prayers to its god against you.
Something smites you!
* * * LOW HITPOINT WARNING * * *
You emit a cloud of dark smoke.
You feel drained.
The deep elf elementalist gestures at you while chanting.
The freezing blast engulfs you!
You die...

#....#..#######.............####.
+....'..##)##.*...........))..##.
#....#..##.#...............)...#.
#...^#..##.'.........⌠.........'.
#....#..##.#...................#.
#....#..##§##.................##.
#....#..##*e##.######.######.###.
#....#..##§ee###§§§§≈.≈≈...#.# #)
#....#..##§eeee§W§§§≈.≈≈.....###)
#....#..##§#####§§§§≈.≈≈...###..)
#....#..##.#***#§§§≈§.≈≈...# #...
#....#..##.e,,*######.####** #...
#....+.)##e#********#)########)##
#...,#..##.:,,,,,,,*#.##)()))()))
#...,#..##..,,,,,,,*#.##:..[)..)}
#..,,#).##.,,,,,,,,*#.##..)))..)[
*,,,,#..#*,,,,,,,,,*#.##.)..().).


You could see a deep elf blademaster (wandering), a deep elf annihilator, a deep
elf sorcerer, 2 deep elf elementalists and a deep elf high priest.

Vanquished Creatures
  A deep elf master archer (Elf:3)
  A deep elf blademaster (Elf:3)
  Kirke (D:13)
  3 deep elf sorcerers (Elf:3)
  A deep elf elementalist (Elf:3)
  The ghost of kohrah the Protected, a journeyman DsFi of Dithmenos (Elf:1)
  5 deep elf demonologists (Elf:3)
  A stone giant (Orc:2)
  2 deep elf annihilators (Elf:3)
  The ghost of pupurumpum the Fighter, a journeyman FoHu of Ru (Lair:2)
  Snorg (Orc:2)
  5 deep elf death magi (Elf:3)
  A fire dragon (D:13)
  The ghost of letownia the Martial Artist, a journeyman OpTm of Gozag (D:12)
  A rakshasa (D:15)
  A deep elf high priest (Elf:3)
  Erolcha (Orc:2)
  3 vault guards (D:14)
  A great orb of eyes (shapeshifter) (D:15)
  9 hydras
  5 centaur warriors
  4 two-headed ogres
  The ghost of Berahthraban the Nimble, a journeyman HuTm of Hepliaklqana (D:10)
  Erica (D:8)
  5 alligators
  2 dancing weapons
  A tengu warrior (D:14)
  6 death yaks
  5 orc high priests
  7 deep elf knights
  Nergalle (Lair:2)
  3 unseen horrors
  A swamp dragon (Swamp:2)
  A spriggan druid (Swamp:2)
  4 orc knights (Orc:2)
  3 wizards (D:14)
  2 deep elf archers (Elf:3)
  Pikel (D:7)
  9 ugly things
  4 orc sorcerers (Orc:2)
  8 cyclopes
  A salamander (shapeshifter) (D:15)
  13 deep elf magi
  2 elephants (Lair:6)
  Maurice (D:11)
  Psyche (D:8)
  5 black mambas
  3 gargoyles
  14 spiny frogs
  A centaur zombie (D:14)
  A torpor snail (Lair:6)
  16 komodo dragons
  An efreet (D:15)
  2 kobold demonologists
  7 rime drakes
  A redback zombie (D:15)
  A tengu conjurer (D:14)
  A freezing wraith (D:15)
  4 polar bears
  A queen bee (Lair:1)
  5 trolls
  2 tyrant leeches
  5 hornets
  8 hippogriffs
  3 bog bodies
  5 slime creatures
  8 blink frogs
  9 dream sheep
  2 blink frogs (shapeshifter)
  2 shadows
  16 spriggans
  A vampire (D:14)
  2 air elementals (Elf:1)
  3 wyverns
  18 humans (D:14)
  A hog (D:13)
  3 fire elementals
  Grum (D:9)
  36 yaks
  A human (shapeshifter) (D:13)
  6 basilisks
  9 vampire mosquitoes
  3 hungry ghosts
  2 wargs (Orc:1)
  Menkaure (D:7)
  A naga (shapeshifter) (D:15)
  7 water moccasins
  2 soldier ants
  10 swamp worms
  A porcupine (shapeshifter) (D:15)
  26 orc warriors
  3 swamp drakes
  12 porcupines
  A slave (D:7)
  2 phantoms
  4 sky beasts
  Purgy (D:4)
  6 black bears
  2 ice beasts
  7 ogres
  2 eyes of draining
  A necrophage (D:11)
  15 centaurs
  8 boggarts
  30 wolves
  8 crocodiles
  18 bullfrogs
  2 big kobolds (D:11)
  5 scorpions
  27 killer bees
  An electric eel (Lair:2)
  A howler monkey (D:11)
  The ghost of letownia the Insei, a weakling OpTm (D:4)
  5 crimson imps
  A bullfrog zombie (D:13)
  A quasit (D:13)
  8 hounds
  5 jellies
  26 orc priests
  4 bullfrog skeletons
  3 centaur skeletons
  4 iguanas
  23 orc wizards
  Ijyb (D:4)
  13 worker ants
  2 hound zombies (D:5)
  The ghost of letownia the Insei, a weakling OpTm (D:3)
  2 hound skeletons
  2 worker ant zombies
  3 gnolls (D:5)
  16 adders
  2 shadow imps
  4 oozes
  2 adder zombies
  2 worms
  A dart slug (D:4)
  6 leopard geckos
  85 orcs
  14 bats
  7 giant cockroaches
  5 hobgoblins
  8 jackals
  16 kobolds
  3 quokkas
  A ball python (D:1)
  2 frilled lizards (D:2)
  A giant cockroach zombie (D:6)
  6 goblins
  A leopard gecko skeleton (D:5)
  2 quokka skeletons
  10 rats
845 creatures vanquished.

Vanquished Creatures (others)
  An elephant (Lair:6)
  A centaur (D:14)
  2 howler monkeys (D:7)
  An orc priest (Orc:2)
  6 fungi
  4 plants
15 creatures vanquished.

Grand Total: 860 creatures vanquished

Notes
Turn   | Place    | Note
-------+----------+-------------------------------------------
     0 | D:1      | umrok the Hill Orc Enchanter began the quest for the Orb.
     0 | D:1      | Reached XP level 1. HP: 14/14 MP: 3/3
   317 | D:1      | Reached XP level 2. HP: 2/20 MP: 4/4
   373 | D:2      | Learned a level 2 spell: Ensorcelled Hibernation
   519 | D:3      | Reached skill level 1 in Armour
   583 | D:2      | Reached XP level 3. HP: 8/26 MP: 2/5
  1539 | D:3      | Reached XP level 4. HP: 33/33 MP: 0/6
  1645 | D:3      | Noticed letownia's ghost (weakling OpTm)
  1700 | D:3      | Reached skill level 2 in Armour
  1735 | D:3      | Learned a level 3 spell: Confuse
  1937 | D:3      | Reached XP level 5. HP: 35/38 MP: 5/7
  2200 | D:3      | Killed letownia's ghost
  2361 | D:4      | Reached XP level 6. HP: 32/45 MP: 8/8
  2406 | D:4      | Found Ovat's Antique Weapon Boutique.
  2424 | D:4      | Noticed Ijyb
  2431 | D:4      | Noticed letownia's ghost (weakling OpTm)
  2437 | D:4      | Noticed a phantom
  2443 | D:4      | Paralysed by Ijyb for 5 turns
  2451 | D:4      | Killed Ijyb
  2723 | D:4      | Noticed Purgy
  2741 | D:4      | Killed Purgy
  2799 | D:4      | Found a shadowy altar of Dithmenos.
  2847 | D:4      | Reached XP level 7. HP: 50/50 MP: 9/9
  2856 | D:5      | Entered Level 5 of the Dungeon
  3077 | D:4      | Bought a runed rapier for 154 gold pieces
  3096 | D:4      | Killed letownia's ghost
  3096 | D:4      | Reached skill level 5 in Hexes
  3298 | D:5      | Reached skill level 1 in Fighting
  3400 | D:5      | Learned a level 3 spell: Tukima's Dance
  3508 | D:5      | Reached XP level 8. HP: 61/61 MP: 4/10
  3773 | D:5      | Reached skill level 5 in Stealth
  3835 | D:4      | Became a worshipper of Dithmenos the Shadowed
  3902 | D:6      | Reached skill level 5 in Short Blades
  4020 | D:6      | Found a glowing golden altar of the Shining One.
  4130 | D:6      | Noticed a moth of wrath
  4133 | D:6      | Found a bloodstained altar of Trog.
  4230 | D:6      | Reached * piety under Dithmenos
  4498 | D:7      | Reached XP level 9. HP: 71/71 MP: 7/11
  4501 | D:7      | Noticed Menkaure
  4510 | D:7      | Killed Menkaure
  4764 | D:7      | Noticed Pikel
  4788 | D:7      | Killed Pikel
  4788 | D:7      | Reached skill level 5 in Fighting
  4818 | D:7      | Found a shattered altar of Ashenzari.
  4818 | D:7      | Found a sparkling altar of Nemelex Xobeh.
  4823 | D:7      | Found a sacrificial altar of Ru.
  4899 | D:7      | Found a staircase to the Ecumenical Temple.
  4944 | D:7      | Reached ** piety under Dithmenos
  4970 | Temple   | Entered the Ecumenical Temple
  5329 | D:8      | Noticed Psyche
  5335 | D:8      | Killed Psyche
  5442 | D:8      | Noticed Erica
  5482 | D:8      | Killed Erica
  5482 | D:8      | Reached XP level 10. HP: 58/86 MP: 3/12
  5606 | D:8      | Got a scorched spear
  5641 | D:8      | Identified the +10 spear "Atama" {freeze, rC+} (You found it on level 8 of the Dungeon)
  6051 | D:9      | Found Rumn's Antique Armour Shop.
  6054 | D:9      | Bought a pair of embroidered gloves for 217 gold pieces
  6070 | D:9      | Noticed Grum
  6101 | D:9      | Killed Grum
  6577 | D:10     | Entered Level 10 of the Dungeon
  6740 | D:10     | Noticed a gargoyle
  6748 | D:10     | Killed a gargoyle
  6748 | D:10     | Reached skill level 3 in Armour
  7056 | D:10     | Noticed Berahthraban's ghost (journeyman HuTm)
  7113 | D:10     | Killed Berahthraban's ghost
  7113 | D:10     | Reached XP level 11. HP: 94/95 MP: 2/13
  7312 | D:10     | Found a portal to a secret trove of treasure.
  7379 | D:11     | Reached skill level 4 in Armour
  7469 | D:11     | Noticed a death yak
  7471 | D:11     | Noticed a death yak
  7474 | D:11     | Noticed a death yak
  7510 | D:11     | Killed a death yak
  7548 | D:11     | Noticed a two-headed ogre
  7551 | D:11     | Killed a two-headed ogre
  7564 | D:11     | Got a polished leather armour
  7575 | D:11     | Identified the +4 leather armour "Uwyg Kuch" {rElec rPois rF- Str+3} (You found it on level 11 of the Dungeon)
  7657 | D:11     | Reached *** piety under Dithmenos
  7699 | D:11     | Noticed a green ugly thing
  7715 | D:11     | Killed a green ugly thing
  7747 | D:11     | Found a staircase to the Orcish Mines.
  7757 | D:11     | Reached skill level 5 in Armour
  7917 | D:11     | Noticed a cyclops
  7955 | D:11     | Killed a cyclops
  7982 | D:11     | Found a staircase to the Lair.
  7985 | D:11     | Noticed a death yak
  7987 | D:11     | Noticed a death yak
  7987 | D:11     | Noticed a death yak
  7994 | D:11     | Noticed a death yak
  8101 | D:12     | Found an opulent altar of Gozag.
  8120 | D:12     | Killed a death yak
  8124 | D:12     | Noticed a two-headed ogre
  8135 | D:12     | Killed a two-headed ogre
  8138 | D:12     | Noticed letownia's ghost (journeyman OpTm)
  8198 | D:12     | Noticed an unseen horror
  8245 | D:12     | Killed an unseen horror
  8320 | D:12     | Reached skill level 6 in Armour
  8402 | D:12     | Killed letownia's ghost
  8402 | D:12     | Reached XP level 12. HP: 106/106 MP: 4/14
  8597 | D:12     | Reached skill level 10 in Hexes
  8617 | D:12     | Reached skill level 10 in Fighting
  8666 | D:12     | Noticed a four-headed hydra
  8686 | D:12     | Killed a four-headed hydra
  8686 | D:12     | Reached skill level 1 in Invocations
  8772 | D:13     | Noticed Kirke
  8777 | D:12     | Reached **** piety under Dithmenos
  8873 | D:13     | Reached skill level 7 in Armour
  9087 | D:13     | Noticed a six-headed hydra
  9112 | D:13     | Killed a six-headed hydra
  9277 | D:13     | Killed Kirke
  9377 | D:13     | Reached skill level 10 in Short Blades
  9516 | D:13     | Noticed a fire dragon
  9543 | D:13     | Killed a fire dragon
  9543 | D:13     | Reached skill level 8 in Armour
  9684 | D:14     | Noticed a centaur warrior
  9711 | D:14     | Killed a centaur warrior
  9711 | D:14     | Reached skill level 1 in Evocations
  9712 | D:14     | Reached skill level 5 in Invocations
  9868 | D:14     | Reached ***** piety under Dithmenos
  9877 | D:14     | Reached XP level 13. HP: 74/113 MP: 16/16
  9916 | D:14     | Noticed gwathlobal's ghost (journeyman DsBe)
 10063 | D:14     | Noticed a vault guard
 10088 | D:14     | Reached skill level 10 in Stealth
 10124 | D:14     | Noticed a vault guard
 10152 | D:14     | Killed a vault guard
 10597 | D:14     | Reached skill level 9 in Armour
 10790 | D:14     | Reached skill level 5 in Evocations
 10824 | D:14     | Noticed a vault guard
 10830 | D:14     | Noticed a vault guard
 10846 | D:14     | Killed a vault guard
 10882 | D:14     | Found a gate to the Vaults.
 10895 | D:14     | Killed a vault guard
 11031 | D:14     | Reached skill level 5 in Dodging
 11064 | D:15     | Entered Level 15 of the Dungeon
 11457 | D:15     | Reached XP level 14. HP: 121/121 MP: 19/19
 11965 | D:15     | Reached skill level 10 in Armour
 12190 | D:15     | Found a staircase to the Depths.
 12359 | Orc:1    | Entered Level 1 of the Orcish Mines
 12359 | Orc:1    | Noticed Maurice
 12359 | Orc:1    | Noticed Gastronok
 12359 | Orc:1    | Noticed a stone giant
 12536 | D:11     | Killed Maurice
 12654 | Orc:1    | Reached ****** piety under Dithmenos
 12768 | Orc:1    | Found a bloodstained altar of Trog.
 13172 | Orc:2    | Entered Level 2 of the Orcish Mines
 13184 | Orc:2    | Noticed a stone giant
 13376 | Orc:2    | Found a staircase to the Elven Halls.
 13548 | Orc:2    | Noticed Erolcha
 13588 | Orc:2    | Killed Erolcha
 13606 | Orc:2    | Noticed Snorg
 13640 | Orc:2    | Killed Snorg
 13736 | Orc:2    | Killed a stone giant
 14262 | Orc:2    | Found Ziplilos's Assorted Antiques.
 14262 | Orc:2    | Found Zuff's Gadget Emporium.
 14284 | Orc:2    | Found Fuidigeu's Distillery.
 14284 | Orc:2    | Found Gucwuhaa's Distillery.
 14297 | Orc:2    | Bought a potion of mutation for 88 gold pieces
 14297 | Orc:2    | Bought a potion of heal wounds for 55 gold pieces
 14297 | Orc:2    | Bought a potion of brilliance for 44 gold pieces
 14297 | Orc:2    | Bought a potion of magic for 88 gold pieces
 14297 | Orc:2    | Bought a potion of invisibility for 88 gold pieces
 14297 | Orc:2    | Bought a potion of invisibility for 88 gold pieces
 14297 | Orc:2    | Bought a potion of curing for 33 gold pieces
 14299 | Orc:2    | Bought a potion of invisibility for 112 gold pieces
 14299 | Orc:2    | Bought a potion of brilliance for 56 gold pieces
 14299 | Orc:2    | Bought a potion of haste for 140 gold pieces
 14299 | Orc:2    | Bought a potion of haste for 140 gold pieces
 14299 | Orc:2    | Bought a potion of brilliance for 56 gold pieces
 14299 | Orc:2    | Bought a potion of brilliance for 56 gold pieces
 14299 | Orc:2    | Bought a potion of degeneration for 14 gold pieces
 14306 | Orc:2    | Bought a potion of resistance for 140 gold pieces
 14333 | Orc:2    | Gained mutation: Your body sometimes deteriorates upon taking damage. [potion of mutation]
 14333 | Orc:2    | Gained mutation: You are agile. (Dex +2) [potion of mutation]
 14334 | Orc:2    | Lost mutation: Your body sometimes deteriorates upon taking damage. [potion of mutation]
 14334 | Orc:2    | Lost mutation: You are agile. (Dex +2) [potion of mutation]
 14334 | Orc:2    | Gained mutation: You possess an exceptional clarity of mind. [potion of mutation]
 14334 | Orc:2    | Gained mutation: You are partially covered in slimy green scales. (AC +2) [potion of mutation]
 14735 | Lair:1   | Entered Level 1 of the Lair of Beasts
 14838 | Lair:1   | Reached XP level 15. HP: 117/126 MP: 22/22
 15193 | Lair:1   | Reached skill level 10 in Invocations
 15345 | Lair:2   | Found a hole to the Spider Nest.
 15398 | Lair:2   | Noticed Nergalle
 15417 | Lair:2   | Killed Nergalle
 15437 | Lair:2   | Found a staircase to the Swamp.
 15510 | Lair:2   | Noticed pupurumpum's ghost (journeyman FoHu)
 15551 | Lair:2   | Killed pupurumpum's ghost
 15551 | Lair:2   | Reached skill level 11 in Armour
 16882 | Lair:4   | You fall through a shaft for 2 floors!
 16882 | Lair:6   | Entered Level 6 of the Lair of Beasts
 16929 | Lair:6   | Found a staircase to the Slime Pits.
 18019 | Lair:6   | Reached skill level 12 in Armour
 18194 | Lair:5   | Reached XP level 16. HP: 134/134 MP: 23/23
 19316 | Swamp:1  | Entered Level 1 of the Swamp
 20019 | Swamp:2  | HP: 1/136 [swamp dragon[a spriggan druid] (9)]
 20034 | Swamp:2  | HP: 5/136 [poisoned by a swamp dragon (poison gas)]
 20069 | Swamp:1  | HP: 5/136 [vampire mosquito (8)]
 20076 | Swamp:1  | Reached skill level 10 in Evocations
 20381 | Elf:1    | Entered Level 1 of the Elven Halls
 20480 | Elf:1    | Noticed kohrah's ghost (journeyman DsFi)
 20518 | Elf:1    | Killed kohrah's ghost
 20743 | Elf:1    | HP: 5/137 [long sword of freezing (14)]
 20743 | Elf:1    | HP: 2/137 [long sword of freezing (3)]
 20994 | Elf:2    | Found a gateway to a bazaar.
 21000 | Bazaar   | Entered a bazaar
 21000 | Bazaar   | Found Faim's Distillery.
 21000 | Bazaar   | Found Tiacwyilie's Gadget Boutique.
 21000 | Bazaar   | Found Nosaih's Book Boutique.
 21000 | Bazaar   | Found Genogg's Book Boutique.
 21000 | Bazaar   | Found Amei's General Store.
 21050 | Bazaar   | Bought a potion of heal wounds for 55 gold pieces
 21050 | Bazaar   | Bought a potion of curing for 33 gold pieces
 21054 | Bazaar   | Bought a potion of curing for 45 gold pieces
 21054 | Bazaar   | Bought a potion of heal wounds for 75 gold pieces
 21054 | Bazaar   | Bought a potion of mutation for 120 gold pieces
 21054 | Bazaar   | Bought a potion of curing for 45 gold pieces
 21054 | Bazaar   | Bought a potion of heal wounds for 75 gold pieces
 21054 | Bazaar   | Bought a potion of curing for 45 gold pieces
 21054 | Bazaar   | Bought 2 potions of heal wounds for 150 gold pieces
 21054 | Bazaar   | Bought a potion of might for 60 gold pieces
 21054 | Bazaar   | Bought a potion of might for 60 gold pieces
 21054 | Bazaar   | Bought a potion of cancellation for 120 gold pieces
 21054 | Bazaar   | Bought a potion of mutation for 120 gold pieces
 21073 | Bazaar   | Lost mutation: You possess an exceptional clarity of mind. [potion of mutation]
 21073 | Bazaar   | Lost mutation: You are partially covered in slimy green scales. (AC +2) [potion of mutation]
 21073 | Bazaar   | Gained mutation: You have a pair of small antennae on your head. [potion of mutation]
 21073 | Bazaar   | Gained mutation: You are somewhat resistant to further mutation. [potion of mutation]
 21074 | Bazaar   | Lost mutation: You are somewhat resistant to further mutation. [potion of mutation]
 21074 | Bazaar   | Lost mutation: You have a pair of small antennae on your head. [potion of mutation]
 21074 | Bazaar   | Gained mutation: You are resistant to hostile enchantments. (MR+) [potion of mutation]
 21074 | Bazaar   | Gained mutation: You are partially covered in rugged brown scales. (AC +1, +3% HP) [potion of mutation]
 21074 | Bazaar   | Gained mutation: You have sharp toenails. [potion of mutation]
 21075 | Bazaar   | Lost mutation: You have sharp toenails. [potion of mutation]
 21075 | Bazaar   | Lost mutation: You are resistant to hostile enchantments. (MR+) [potion of mutation]
 21075 | Bazaar   | Lost mutation: You are partially covered in rugged brown scales. (AC +1, +3% HP) [potion of mutation]
 21075 | Bazaar   | Gained mutation: Your magical capacity is low. (-10% MP) [potion of mutation]
 21075 | Bazaar   | Gained mutation: Your muscles are strong. (Str +2) [potion of mutation]
 21076 | Bazaar   | Lost mutation: Your magical capacity is low. (-10% MP) [potion of mutation]
 21076 | Bazaar   | Lost mutation: Your muscles are strong. (Str +2) [potion of mutation]
 21076 | Bazaar   | Gained mutation: You are partially covered in iridescent scales. (AC +2) [potion of mutation]
 21076 | Bazaar   | Gained mutation: You have a pair of small antennae on your head. [potion of mutation]
 21077 | Bazaar   | Lost mutation: You are partially covered in iridescent scales. (AC +2) [potion of mutation]
 21077 | Bazaar   | Lost mutation: You have a pair of small antennae on your head. [potion of mutation]
 21077 | Bazaar   | Gained mutation: Your movements are slightly less encumbered by armour. (ER -2) [potion of mutation]
 21077 | Bazaar   | Gained mutation: Your magical capacity is low. (-10% MP) [potion of mutation]
 21077 | Bazaar   | Gained mutation: You evolve. [potion of mutation]
 21077 | Bazaar   | Gained mutation: You are resistant to hostile enchantments. (MR+) [potion of mutation]
 21078 | Bazaar   | Lost mutation: Your magical capacity is low. (-10% MP) [potion of mutation]
 21078 | Bazaar   | Lost mutation: Your movements are slightly less encumbered by armour. (ER -2) [potion of mutation]
 21078 | Bazaar   | Gained mutation: Scrolls take you a little longer to read. [potion of mutation]
 21078 | Bazaar   | Gained mutation: You are agile. (Dex +2) [potion of mutation]
 21078 | Bazaar   | Gained mutation: You are weak. (Str -2) [potion of mutation]
 21078 | Bazaar   | Gained mutation: You rapidly evolve. [potion of mutation]
 21079 | Bazaar   | Lost mutation: Scrolls take you a little longer to read. [potion of mutation]
 21079 | Bazaar   | Gained mutation: You are occasionally teleported next to monsters. [potion of mutation]
 21079 | Bazaar   | Gained mutation: You have sharp toenails. [potion of mutation]
 21165 | Elf:3    | Entered Level 3 of the Elven Halls
 21193 | Elf:3    | Found Onied's Magic Scroll Shoppe.
 21332 | Elf:3    | Reached skill level 13 in Armour
 21340 | Elf:3    | Noticed a deep elf blademaster
 21340 | Elf:3    | Noticed a deep elf master archer
 21343 | Elf:3    | Killed a deep elf blademaster
 21347 | Elf:3    | Killed a deep elf master archer
 21384 | Elf:3    | Identified the Tome of Transmutation
 21469 | Elf:3    | Identified Oxtuxt's Volume of Transmigration and Aid
 21475 | Elf:3    | Identified the Grimoire of Changing
 21487 | Elf:3    | Reached XP level 17. HP: 122/148 MP: 24/24
 21567 | Elf:3    | Learned a level 2 spell: Passwall
 21631 | Elf:3    | Noticed an Executioner
 21639 | Elf:3    | Noticed an Executioner
 21730 | Elf:3    | Gained mutation: Your magical capacity is low. (-10% MP) [a cacodemon]
 21754 | Elf:3    | Noticed a deep elf blademaster
 21783 | Elf:3    | HP: 2/148 [deep elf high priest/divine providence (8)]
 21784 | Elf:3    | Killed from afar by a deep elf elementalist

Skill      XL: |  1  2  3  4  5  6  7  8  9 10 11 12 13 14 15 16 |
---------------+-------------------------------------------------+-----
Armour         | 1 2 3 6 8 9 10 12 13 | 13.7
Short Blades   | 2 3 4 5 7 8 9 10 11 12 | 12.0
Stealth        | 3 4 5 7 8 9 10 11 12 | 12.0
Hexes          | 4 5 6 7 8 9 10 | 10.0
Fighting       | 2 4 7 8 9 10 12 | 12.9
Invocations    | 5 7 9 10 | 10.0
Dodging        | 3 5 6 8 9 |  9.9
Evocations     | 2 6 7 9 10 | 10.0
Spellcasting   | |  1.5

Action                   |  1- 3 |  4- 6 |  7- 9 | 10-12 | 13-15 | 16-18 || total
-------------------------+-------+-------+-------+-------+-------+-------++-------
Melee: Dagger            |    58 |   161 |    30 |       |       |       ||   249
       Short sword       |   135 |    12 |       |       |       |       ||   147
       Rapier            |       |       |   276 |   589 |  1457 |   553 ||  2875
       Unarmed           |       |       |       |    14 |       |       ||    14
       Whip              |       |       |       |       |    55 |    78 ||   133
Throw: Tomahawk          |       |       |       |       |     2 |       ||     2
 Cast: Corona            |    35 |    16 |       |       |       |       ||    51
       Ensorcelled Hiber |     4 |    13 |    38 |    35 |   147 |    54 ||   291
       Confuse           |       |     2 |    24 |    63 |   154 |    36 ||   279
       Tukima's Dance    |       |       |       |       |       |     2 ||     2
Invok: Shadow Step       |       |       |       |       |       |     1 ||     1
       Shadow Form       |       |       |       |       |       |     1 ||     1
 Abil: Evoke Berserk Rag |       |       |       |     2 |     2 |       ||     4
Evoke: Wand              |       |     1 |     3 |     4 |    12 |       ||    20
  Use: Potion            |     3 |     5 |     2 |     4 |     8 |    32 ||    54
       Scroll            |     3 |     6 |     6 |    10 |    10 |    23 ||    58
 Stab: Sleeping          |     6 |    15 |    32 |    38 |   146 |    53 ||   290
       Confused          |       |     2 |     8 |    31 |    87 |    18 ||   146
       Invisible         |       |     7 |       |       |       |       ||     7
       Paralysed         |       |     1 |       |       |       |       ||     1
       Distracted        |       |       |     1 |     1 |     1 |       ||     3
  Eat: Chunk             |     3 |     7 |    14 |    20 |    54 |     8 ||   106
       Royal jelly       |       |       |       |     2 |     4 |     3 ||     9
       Bread ration      |       |       |       |     1 |       |     2 ||     3
       Fruit             |       |       |       |       |     1 |       ||     1
Armor: Leather armour    |   111 |   120 |       |       |       |       ||   231
       Troll leather arm |       |       |    86 |   161 |   406 |   292 ||   945
       Skin              |       |       |       |    13 |       |       ||    13
Dodge: Dodged            |   148 |   134 |   170 |   285 |   964 |   688 ||  2389
Block: Other             |       |       |     1 |   105 |       |       ||   106
       Reflection        |       |       |       |     3 |       |       ||     3
